 Dungeon Crawl Stone Soup version 0.22-a0-402-ga933591 (webtiles) character file.

2180 roflturtle the Magician (level 9, -2/74 HPs)
             Began as a Purple Draconian Skald on May 8, 2018.
             Was an Initiate of Okawaru.
             Slain by a cyan ugly thing (15 damage)
             ... on level 7 of the Dungeon.
             The game lasted 00:26:46 (6521 turns).

roflturtle the Magician (Purple Draconian Skald)    Turns: 6521, Time: 00:26:47

Health: -2/74      AC:  7    Str: 15    XL:     9   Next: 11%
Magic:  27/28      EV: 13    Int: 13    God:    Okawaru [......]
Gold:   451        SH:  0    Dex: 13    Spells: 11/22 levels left

rFire    + . .     SeeInvis .   k - +4 rapier of Magnificence {elec, rF+}
rCold    . . .     Gourm    +   (no shield)
rNeg     . . .     Faith    .   (armour unavailable)
rPois    .         Spirit   .   (helmet restricted)
rElec    .         Reflect  .   (no cloak)
rCorr    .         Harm     .   (no gloves)
MR       +....                  (no boots)
Stlth    ++........             d - amulet of the gourmand
HPRegen  0.22/turn              n - ring of magical power
MPRegen  0.21/turn              y - ring of stealth

@: very slightly contaminated, drained
A: breathe power, unfitting armour, cold-blooded, AC +7
a: Breathe Dispelling Energy, Renounce Religion


You were on level 7 of the Dungeon.
You worshipped Okawaru.
Okawaru was noncommittal.
You were very full.

You visited 2 branches of the dungeon, and saw 8 of its levels.
You also visited: Ossuary.

You collected 451 gold pieces.

Inventory:

Hand Weapons
 k - the +4 rapier of Magnificence (weapon) {elec, rF+}
   (You found it on level 4 of the Dungeon)

   Occasionally, upon striking a foe, it will discharge some electrical energy
   and cause terrible harm.
   It protects you from fire.
Missiles
 q - 68 bolts
 s - 25 sling bullets
 u - a throwing net
 w - 26 arrows
 x - 4 steel tomahawks
 J - 5 tomahawks (quivered)
Jewellery
 d - an amulet of the gourmand (around neck)
 n - a ring of magical power (left hand)
 y - a ring of stealth (right hand)
 H - a +5 amulet of reflection
Scrolls
 a - a scroll of identify
 e - 2 scrolls of teleportation
 g - a scroll of enchant armour
 i - 7 scrolls of remove curse
 p - a scroll of blinking
 B - a scroll of enchant weapon
 F - a scroll of fog
Potions
 b - a potion of might
 h - a potion of cancellation {unknown}
 j - 4 potions of curing
 l - a potion of mutation {unknown}
 o - 3 potions of haste
 r - a potion of flight {unknown}
 t - 2 potions of brilliance {unknown}
 A - 2 potions of magic {unknown}
 C - 2 potions of invisibility {unknown}
 D - 2 potions of agility {unknown}
 E - 3 potions of heal wounds {unknown}
Comestibles
 c - 13 rations
 f - 7 chunks of flesh


   Skills:
 + Level 5.1(4.5) Fighting
 - Level 6.1(5.5) Short Blades
   Level 4.1(3.5) Maces & Flails
 - Level 4.1(3.5) Dodging
 - Level 7.0(6.4) Spellcasting
 - Level 6.0(5.4) Charms


You had 11 spell levels left.
You knew the following spells:

 Your Spells              Type           Power        Failure   Level  Hunger
a - Infusion              Chrm           ###.         1%          1    None
b - Song of Slaying       Chrm           ###.....     2%          2    #......
c - Shroud of Golubria    Chrm/Tloc      ##........   9%          2    #......
d - Regeneration          Chrm/Necr      ##........   16%         3    ###....
e - Spectral Weapon       Hex/Chrm       ##......     16%         3    ###....


Dungeon Overview and Level Annotations

Branches:
Dungeon (7/15)             Temple (1/1) D:6

Altars:
Ashenzari
Cheibriados
Dithmenos
Fedhas
Hepliaklqana
Kikubaaqudgha
Okawaru
Qazlal
Ru
Sif Muna
Trog
Uskayaw
Vehumet
Wu Jian
Xom
Yredelemnul
The Shining One

Shops:
D:5 =

Annotations:
D:4 wjh11's ghost, novice MiBe
D:7 2 runed doors


Innate Abilities, Weirdness & Mutations

You can breathe bolts of dispelling energy.
Your rich purple scales are hard. (AC +7)
You cannot fit into any form of body armour.
You are cold-blooded and may be slowed by cold attacks.


Message History

You kill the hound!
Okawaru accepts your kill.
You see here a hound corpse.
You butcher the hound corpse.
f - 7 chunks of flesh (gained 1)
A cyan ugly thing comes into view.
The cyan ugly thing gurgles horribly!
Found a ration and a pair of translucent boots.
The cyan ugly thing trunk-slaps you. The cyan ugly thing shocks you!
Casting: Shroud of Golubria (safe; 9% risk of failure)
Confirm with . or Enter, or press ? or * to list all spells.
You miscast Infusion.
You are very lightly contaminated with residual magic.
Nothing appears to happen.
The cyan ugly thing trunk-slaps you! The cyan ugly thing shocks you!
* * * LOW HITPOINT WARNING * * *
The cyan ugly thing trunk-slaps you!
* * * LOW HITPOINT WARNING * * *
The cyan ugly thing shocks you!
You die...

#........
#........
#........
##....... ###
#........
..##........
######..##.......
##....##.#........
#@####.#.#........
#.u.#.##..........
#.#.##.'.##++##...
#.##.##### ##..
##% .[# .. # ## ..
.


You could see a cyan ugly thing.

Vanquished Creatures
  Pikel (D:5)
  Grinder (D:6)
  Edmund (D:6)
  A sky beast (D:5)
  5 ogres
  A bullfrog (D:6)
  A howler monkey (D:6)
  A centaur zombie (D:7)
  A bullfrog zombie (D:5)
  An orc priest (D:4)
  A bullfrog skeleton (D:5)
  2 hounds
  A jelly (D:6)
  7 worker ants
  Natasha (D:4)
  2 hound zombies
  A hound skeleton (D:4)
  9 mummies
  12 adders
  A gnoll (D:1)
  2 howler monkey skeletons
  An adder zombie (D:5)
  2 worms
  A dart slug (D:3)
  6 leopard geckos
  6 orcs
  A ball python (D:3)
  8 bats
  8 giant cockroaches
  2 gnoll zombies (Ossuary)
  8 goblins
  6 hobgoblins
  2 quokkas
  4 frilled lizards
  A goblin zombie (D:5)
  4 hobgoblin zombies (Ossuary)
  4 kobolds
  A kobold zombie (Ossuary)
  2 orc zombies
  8 rats
128 creatures vanquished.

Vanquished Creatures (others)
  An adder (D:5)
  A giant cockroach (D:5)
  A quokka skeleton (D:5)
3 creatures vanquished.

Grand Total: 131 creatures vanquished

Notes
Turn   | Place    | Note
-------+----------+-------------------------------------------
     0 | D:1      | roflturtle the Draconian Skald began the quest for the Orb.
     0 | D:1      | Reached XP level 1. HP: 17/17 MP: 3/3
    16 | D:1      | Reached XP level 2. HP: 6/24 MP: 0/5
   401 | D:1      | Learned a level 2 spell: Song of Slaying
   404 | D:1      | Learned a level 2 spell: Shroud of Golubria
   701 | D:1      | Reached XP level 3. HP: 30/31 MP: 2/6
  1869 | D:2      | Reached XP level 4. HP: 34/38 MP: 7/7
  2107 | D:2      | Found a sacrificial altar of Ru.
  2667 | D:3      | Reached XP level 5. HP: 33/45 MP: 3/9
  2990 | D:3      | Reached skill level 3 in Spellcasting
  3315 | D:4      | Noticed an ogre
  3325 | D:4      | Killed an ogre
  3421 | D:4      | Noticed an ogre
  3432 | D:4      | Killed an ogre
  3432 | D:4      | Reached XP level 6. HP: 17/52 MP: 3/10
  3437 | D:4      | Learned a level 3 spell: Regeneration
  3441 | D:4      | Learned a level 3 spell: Spectral Weapon
  3960 | D:4      | Got an encrusted rapier
  4040 | D:4      | Identified the +4 rapier of Magnificence {elec, rF+} (You found it on level 4 of the Dungeon)
  4122 | D:4      | Noticed wjh11's ghost (novice MiBe)
  4220 | D:4      | Reached skill level 5 in Fighting
  4400 | D:4      | Your scales start taking on a rich purple colour.
  4400 | D:4      | Reached XP level 7. HP: 61/61 MP: 6/12
  4513 | D:4      | Noticed Natasha
  4518 | D:4      | Killed Natasha
  4518 | D:4      | Reached skill level 5 in Charms
  4561 | D:5      | Entered Level 5 of the Dungeon
  4568 | D:5      | Noticed Pikel
  4583 | D:5      | Killed Pikel
  4583 | D:5      | Reached skill level 7 in Spellcasting
  4583 | D:5      | Reached XP level 8. HP: 36/68 MP: 8/18
  4908 | D:5      | Found a sand-covered staircase.
  4916 | D:5      | Reached skill level 1 in Short Blades
  4919 | Ossuary  | Entered an ossuary
  5142 | D:5      | Found a sacrificial altar of Ru.
  5190 | D:5      | Found Yhanayve's Jewellery Emporium.
  5839 | D:6      | Found a staircase to the Ecumenical Temple.
  5993 | D:6      | Noticed Grinder
  5999 | D:6      | Killed Grinder
  6012 | D:6      | Noticed Edmund
  6029 | D:6      | Killed Edmund
  6029 | D:6      | Reached skill level 5 in Short Blades
  6054 | D:6      | Reached XP level 9. HP: 53/74 MP: 19/19
  6314 | Temple   | Entered the Ecumenical Temple
  6323 | Temple   | Became a worshipper of Warmaster Okawaru
  6489 | D:7      | Found a large runed door.
  6489 | D:7      | Found a large runed door.
  6518 | D:7      | Noticed a cyan ugly thing
  6521 | D:7      | Slain by a cyan ugly thing

Vault maps used:
D:1:      denvon_arrival_planthouse
D:2:      nicolae_ru_the_path_less_chosen
D:4:      minmay_small_thing, uniq_natasha
D:5:      lemuel_round_altar, nicolae_ossuary_entry_giza, first_ration,
          serial_shops, nicolae_shop_trees, roderic_lattice_a, uniq_pikel
D:6:      temple_green, uniq_edmund, uniq_grinder
D:7:      nemelex_xobeh_ov_fountains_minmay, enter_bailey_3, dk_noncrumbling_4,
          minmay_hollow_rounded_squares
Temple:   compressed_dpeg_circular_temple
Ossuary:  ossuary_tomb_3

Skill      XL: |  1  2  3  4  5  6  7  8  9 |
---------------+----------------------------+-----
Charms         | 3 4 5 6 |  6.0
Fighting       | 3 4 5 |  5.1
Maces & Flails | 3 4 |  4.1
Dodging        | 3 4 |  4.1
Spellcasting   | 3 7 |  7.0
Short Blades   | 5 6 |  6.1

Action                   |  1- 3 |  4- 6 |  7- 9 || total
-------------------------+-------+-------+-------++-------
Melee: Mace              |   144 |   110 |       ||   254
       Tailslap          |    12 |    11 |    23 ||    46
       Rapier            |       |    17 |   144 ||   161
Throw: Tomahawk          |       |     5 |       ||     5
 Cast: Infusion          |     9 |    12 |    10 ||    31
       Shroud of Golubri |     1 |     6 |     4 ||    11
       Song of Slaying   |       |       |     2 ||     2
 Abil: Breathe Dispellin |       |       |     1 ||     1
  Use: Scroll            |       |    13 |     4 ||    17
 Stab: Sleeping          |       |     2 |    10 ||    12
  Eat: Chunk             |     4 |    21 |     7 ||    32
Armor: Skin              |    54 |    47 |    32 ||   133
Dodge: Dodged            |    97 |   104 |    72 ||   273

Table legend:
 A = Spawn XP
 B = Non-spawn XP
 C = Spawn XP percentage of total XP
 D = Spawn monster count
 E = Non-spawn monster count
 F = Spawn count percentage of total count
 G = Total turns spent on level
                    A         B        C        D         E        F      G
               +---------+---------+-------+---------+---------+-------+---------
         Total |       0 |    3115 |   0.0 |       0 |     128 |   0.0 |  6521
               +---------+---------+-------+---------+---------+-------+---------
           D:1 |       0 |      50 |   0.0 |       0 |      24 |   0.0 |  1212
           D:2 |       0 |      95 |   0.0 |       0 |      25 |   0.0 |   967
           D:3 |       0 |      99 |   0.0 |       0 |      11 |   0.0 |  1115
           D:4 |       0 |     542 |   0.0 |       0 |      16 |   0.0 |  1267
           D:5 |       0 |     947 |   0.0 |       0 |      13 |   0.0 |   900
           D:6 |       0 |     962 |   0.0 |       0 |      18 |   0.0 |   694
           D:7 |       0 |     264 |   0.0 |       0 |       5 |   0.0 |    74
       Ossuary |       0 |     156 |   0.0 |       0 |      16 |   0.0 |   189
               +---------+---------+-------+---------+---------+-------+---------
